Map: Berlingrad LE

Players

ByuN - Winner!

  • Race: Terran Terran

MaxPax

  • Race: Protoss Protoss

Event: DreamHack SC2 Masters Last Chance 2022

VOD

Have the link to the VOD?

Description

Time

  • Played on: Dec. 19, 2021, 7:21 p.m.
  • Length: 9:39

All games in this series

Show
View Real Time Build Order
Export as new Build Order

ByuN Terran - Winner!

Build Orders: Reaper Expand 

Get SALT Encoding   

  12  0:00  SCV  
  13  0:12  SCV  
  14  0:17  Supply Depot  
  14  0:24  SCV  
  15  0:39  SCV, Barracks  
  16  0:43  Refinery  
  16  0:51  SCV  
  17  1:03  SCV  
  18  1:15  SCV  
  19  1:26  Reaper  
  19  1:27  Orbital Command  
  20  1:45  Command Center  
  20  1:49  Supply Depot  
  20  1:53  SCV  
  21  1:58  Barracks Tech Lab  
  21  2:01  Refinery  
  21  2:05  SCV  
  22  2:17  Marauder, Concussive Shells, SCV  
  26  2:30  SCV  
  26  2:34  Factory  
  26  2:39  Marauder  
  26  2:42  SCV  
  29  2:48  Barracks  
  29  2:57  SCV  
  30  3:09  Barracks Reactor, SCV, Orbital Command  
  32  3:20  Widow Mine, Bunker  
  32  3:21  SCV  
  32  3:25  Starport  
  33  3:41  Widow Mine, SCV x2  
  37  3:53  SCV x2  
  37  3:56  Marine x2  
  37  3:58  Marine  
  37  3:59  Stimpack  
  40  4:03  Widow Mine, Medivac  
  40  4:05  SCV x2  
  40  4:07  Supply Depot  
  44  4:15  Marine x2  
  46  4:20  Supply Depot  
  46  4:22  Engineering Bay  
  46  4:24  Factory Tech Lab  
  46  4:29  Marauder, SCV x2  
  46  4:30  Supply Depot  
  50  4:33  Marine x2  
  52  4:41  SCV x2  
  52  4:43  Siege Tank  
  52  4:45  Barracks  
  57  4:53  SCV x2, Marine  
  57  4:54  Marauder, Marine  
  63  5:00  Supply Depot  
  63  5:03  Refinery  
  63  5:05  SCV x2  
  65  5:16  Marine  
  65  5:17  SCV x2  
  68  5:22  Siege Tank  
  71  5:29  SCV x2  
  71  5:32  Marauder, Marine  
  77  5:39  Starport Reactor  
  77  5:40  Barracks Tech Lab  
  77  5:41  SCV x2  
  77  5:45  Terran Infantry Weapons Level 1  
  77  5:48  Missile Turret  
  77  5:51  Refinery  
  77  5:53  SCV  
  77  5:54  Supply Depot  
  78  5:59  SCV, Marine x2  
  78  6:00  Combat Shield  
  78  6:03  Siege Tank  
  84  6:07  Marauder  
  86  6:12  Supply Depot  
  86  6:16  Marauder  
  88  6:26  Marine x2  
  88  6:28  Marauder  
  86  6:33  Medivac  
  86  6:35  Medivac  
  86  6:37  Marauder  
  90  6:44  Factory Reactor  
  90  6:50  Command Center, Marine x2  
  92  6:57  Supply Depot  
  96  7:01  Marauder x2  
  96  7:08  Marine x2  
  96  7:10  Barracks  
  96  7:11  SCV x2  
  100  7:16  Barracks  
  100  7:17  Medivac  
  100  7:19  Medivac  
  100  7:20  Supply Depot  
  104  7:28  Marauder x2  
  107  7:30  Marine  
  107  7:33  Marine  
  107  7:37  SCV  
  110  7:42  SCV  
  110  7:43  Widow Mine x2  
  115  7:47  Supply Depot  
  114  7:57  Marauder x2  
  118  8:09  Marauder, SCV x2, Marine x2  
  124  8:14  Missile Turret  
  124  8:18  Marauder x2  
  128  8:21  SCV x2  
  128  8:23  Marine x2  
  128  8:27  Supply Depot  
  132  8:29  Supply Depot  
  132  8:33  SCV x2  
  134  8:35  Orbital Command  
  134  8:38  Supply Depot  
  134  8:39  Missile Turret  
  134  8:43  Marine  
  135  8:55  Marauder x2  
  133  8:59  Marine x4  
  130  9:09  SCV x2  
  120  9:11  Marine  
  120  9:14  SCV  
  120  9:16  Marauder x2  
  115  9:17  Marine  
  115  9:18  Marauder  
  115  9:21  SCV x2  
  114  9:27  SCV  
Show
View Real Time Build Order
Export as new Build Order

MaxPax Protoss 

Build Orders: 1 Gate Expand, Blink Stalkers 

Get SALT Encoding   

  12  0:00  Probe  
  13  0:12  Probe  
  14  0:18  Pylon  
  14  0:24  Probe  
  15  0:36  Probe (Chrono Boost)  
  15  0:37  Gateway  
  16  0:47  Assimilator  
  16  0:48  Probe (Chrono Boost)  
  17  0:53  Probe (Chrono Boost)  
  18  1:03  Probe  
  19  1:15  Probe  
  20  1:23  Nexus  
  20  1:33  Cybernetics Core  
  20  1:35  Probe  
  21  1:40  Assimilator  
  21  1:48  Probe  
  21  1:51  Pylon  
  22  2:00  Probe  
  23  2:07  Stalker (Chrono Boost)  
  23  2:10  Warp Gate  
  23  2:12  Probe  
  26  2:24  Probe  
  26  2:32  Twilight Council  
  26  2:36  Probe  
  27  2:38  Probe  
  27  2:41  Stalker (Chrono Boost)  
  30  2:48  Probe  
  30  2:50  Probe  
  32  3:00  Blink (Chrono Boost), Probe  
  32  3:03  Gateway, Probe  
  33  3:12  Probe  
  33  3:15  Probe  
  34  3:24  Probe  
  34  3:26  Robotics Facility  
  36  3:27  Probe  
  34  3:35  Stalker (Chrono Boost)  
  34  3:36  Probe  
  34  3:40  Probe  
  37  3:49  Probe  
  37  3:52  Probe  
  37  4:01  Probe  
  37  4:04  Probe  
  38  4:12  Nexus  
  38  4:13  Probe  
  38  4:16  Stalker  
  41  4:17  Probe  
  41  4:20  Stalker  
  41  4:22  Observer  
  41  4:24  Pylon  
  45  4:27  Probe  
  46  4:33  Pylon  
  46  4:39  Warp Prism (Chrono Boost)  
  46  4:42  Probe  
  46  4:44  Probe  
  50  4:54  Probe  
  50  4:55  Gateway  
  50  4:56  Gateway  
  50  4:59  Charge  
  51  5:00  Probe  
  51  5:06  Probe  
  53  5:08  Observer  
  53  5:12  Probe  
  44  5:19  Stalker x2  
  44  5:20  Probe (Chrono Boost)  
  49  5:25  Probe (Chrono Boost)  
  49  5:26  Probe (Chrono Boost)  
  51  5:35  Probe x3 (Chrono Boost)  
  53  5:40  Probe x2 (Chrono Boost)  
  53  5:41  Pylon  
  56  5:45  Stalker x2, Probe (Chrono Boost)  
  56  5:46  Observer  
  61  5:54  Probe (Chrono Boost)  
  63  5:57  Probe (Chrono Boost)  
  63  6:00  Probe x2 (Chrono Boost)  
  63  6:04  Gateway, Probe  
  65  6:06  Gateway  
  65  6:08  Probe  
  65  6:09  Probe  
  68  6:15  Gateway  
  68  6:16  Probe  
  66  6:28  Probe  
  67  6:32  Zealot x2  
  67  6:33  Zealot x2  
  67  6:35  Pylon  
  75  6:49  Gateway, Probe  
  75  6:52  Zealot x2  
  75  6:53  Zealot x2  
  85  6:54  Probe x2  
  85  7:01  Probe  
  87  7:06  Probe x2  
  89  7:09  Assimilator, Templar Archives  
  89  7:11  Zealot x2  
  89  7:12  Pylon  
  93  7:19  Assimilator  
  93  7:24  Pylon  
  93  7:25  Pylon  
  96  7:30  Probe x2  
  96  7:31  Zealot x3  
  96  7:34  Zealot  
  101  7:38  Psionic Storm  
  101  7:40  Pylon  
  101  7:42  Probe x2  
  103  7:45  Pylon  
  103  7:49  Pylon  
  103  7:50  High Templar  
  105  7:51  Zealot x2  
  105  7:52  Zealot x2  
  112  8:02  Pylon, High Templar  
  112  8:03  Zealot x2  
  112  8:04  Warp Prism (Chrono Boost)  
  110  8:14  Shield Battery  
  110  8:17  Probe x2, High Templar  
  110  8:18  Assimilator  
  114  8:20  Assimilator  
  114  8:22  Probe  
  114  8:24  Zealot  
  114  8:25  Zealot x2  
  121  8:32  High Templar  
  124  8:34  Probe  
  124  8:36  Forge  
  124  8:37  Pylon  
  124  8:39  Zealot x2  
  128  8:42  Zealot  
  128  8:45  Probe  
  109  8:56  Zealot x4  
  107  9:04  Zealot x3  
  107  9:05  Zealot  
  107  9:09  Archon  
  105  9:15  Probe x2  
  105  9:16  Zealot x4  
  88  9:28  Zealot x4  

Tags
 
Add a new tag
Caveats
  • Supply blocks, unpowered buildings, or Contaminate may cause inaccurate times.
  • Supply counts are checked every 10 seconds.